 Dungeon Crawl Stone Soup version 0.22-a0-348-gd16d139 (webtiles) character file.

38 BaronVonScrub the Insei (level 3, -3/28 HPs)
             Began as a Gnoll Transmuter on Apr 7, 2018.
             Killed from afar by a bat (16 damage)
             ... with an exploding inner flame
             ... hexed by the player character
             ... on level 2 of the Dungeon.
             The game lasted 00:06:56 (1402 turns).

BaronVonScrub the Insei (Gnoll Transmuter)          Turns: 1402, Time: 00:06:56

Health: -3/28      AC:  2    Str: 12    XL:     3   Next: 43%
Magic:  9/9        EV: 15    Int: 15    God:
Gold:   75         SH:  0    Dex: 16    Spells: 11/12 levels left

rFire    . . .     SeeInvis .   i - +1 short sword (speed)
rCold    . . .     Gourm    .   (no shield)
rNeg     . . .     Faith    .   b - +0 robe
rPois    .         Spirit   .   (no helmet)
rElec    .         Reflect  .   (no cloak)
rCorr    .         Harm     .   (no gloves)
MR       .....                  (no boots)
Stlth    ++........             (no amulet)
HPRegen  0.09/turn              (no ring)
MPRegen  0.11/turn              (no ring)

@: about to teleport
A: distributed training, fangs 1, strong nose
a: no special abilities


You were on level 2 of the Dungeon.
You were not hungry.

You visited 1 branch of the dungeon, and saw 2 of its levels.

You collected 75 gold pieces.

Inventory:

Hand Weapons
 c - a +0 whip
 i - a +1 short sword of speed (weapon)
Missiles
 a - 12 arrows
Armour
 b - a +0 robe (worn)
Jewellery
 h - an uncursed amulet of magic regeneration {unknown}
Scrolls
 m - a scroll of identify {unknown}
Potions
 e - a potion of heal wounds {unknown}
 g - a potion of might {unknown}
 l - a potion of cancellation {unknown}
Comestibles
 d - 2 rations


   Skills:
 + Level 2.6 Fighting
 + Level 0.7 Short Blades
 + Level 0.7 Long Blades
 + Level 0.7 Axes
 + Level 0.7 Maces & Flails
 + Level 0.7 Polearms
 + Level 0.7 Staves
 + Level 0.7 Slings
 + Level 0.7 Bows
 + Level 0.7 Crossbows
 + Level 0.7 Throwing
 + Level 0.7 Armour
 + Level 4.5 Dodging
 + Level 0.7 Stealth
 + Level 0.7 Shields
 + Level 6.5 Unarmed Combat
 + Level 5.0 Spellcasting
 + Level 0.5 Conjurations
 + Level 0.5 Hexes
 + Level 0.5 Charms
 + Level 0.5 Summonings
 + Level 0.5 Necromancy
 + Level 0.5 Translocations
 + Level 3.7 Transmutations
 + Level 0.5 Fire Magic
 + Level 0.5 Ice Magic
 + Level 0.5 Air Magic
 + Level 0.5 Earth Magic
 + Level 0.5 Poison Magic
 + Level 0.9 Invocations
 + Level 0.7 Evocations


You had 11 spell levels left.
You knew the following spells:

 Your Spells              Type           Power        Failure   Level  Hunger
a - Beastly Appendage     Tmut           ###...       3%          1    None


Dungeon Overview and Level Annotations

Branches:
Dungeon (2/15)

Altars:


Innate Abilities, Weirdness & Mutations

Your experience applies equally to all skills.
You have very sharp teeth.
Your uncanny sense of smell can sniff out nearby items.


Message History

The bat closely misses you. The bat misses you.
The bat hits you but does no damage. The bat completely misses you.
A worm comes into view.
The bat hits you but does no damage.
A goblin comes into view. It is wielding a club.
The bat completely misses you.
Things that are here:
a scale mail; a worm corpse x2
The bat hits you but does no damage. The bat closely misses you.
As you read the scroll labeled RALIAMA BYZUKEESK, it crumbles to dust.
The creatures around you are filled with an inner flame!
It was a scroll of immolation.
The bat closely misses you.
As you read the scroll labeled JYCKOEFRECIO, it crumbles to dust.
You feel strangely unstable.
It was a scroll of teleportation.
The bat closely misses you. The bat hits you.
You hit the bat.
The bat explodes!
The fiery explosion engulfs you!
Ouch! That really hurt!
You die...

#...#...#
........#
........#
.......?#
........#
........#
........#
#@# #[#
#S# # #g#
.##.###h#
...$<.hh#
......Jh#
.......<#
.......##


You could see an ooze (inner flame), an adder (inner flame), 4 jackals and a
hobgoblin (inner flame).

Vanquished Creatures
  2 worms (D:2)
  A dart slug (D:1)
  3 goblins (D:1)
  6 hobgoblins (D:1)
  3 bats (D:1)
  A frilled lizard (D:1)
  5 kobolds (D:1)
  10 rats (D:1)
31 creatures vanquished.

Notes
Turn   | Place    | Note
-------+----------+-------------------------------------------
     0 | D:1      | BaronVonScrub the Gnoll Transmuter began the quest for the Orb.
     0 | D:1      | Reached XP level 1. HP: 17/17 MP: 6/6
   146 | D:1      | Reached XP level 2. HP: 23/23 MP: 7/7
   684 | D:1      | Reached XP level 3. HP: 11/28 MP: 9/9
  1041 | D:1      | Reached skill level 5 in Spellcasting
  1402 | D:2      | Killed from afar by a bat

Vault maps used:
D:1:      dpeg_arrival_tiny_k, minmay_rat_gold_closets
D:2:      lemuel_doored_altar

Skill      XL: |  1  2  3 |
---------------+----------+-----
Spellcasting   | 5 |  5.0
Fighting       | |  2.6
Short Blades   | |  0.7
Long Blades    | |  0.7
Axes           | |  0.7
Maces & Flails | |  0.7
Polearms       | |  0.7
Staves         | |  0.7
Slings         | |  0.7
Bows           | |  0.7
Crossbows      | |  0.7
Throwing       | |  0.7
Armour         | |  0.7
Dodging        | |  4.5
Stealth        | |  0.7
Shields        | |  0.7
Unarmed Combat | |  6.5
Conjurations   | |  0.5
Hexes          | |  0.5
Charms         | |  0.5
Summonings     | |  0.5
Necromancy     | |  0.5
Translocations | |  0.5
Transmutations | |  3.7
Fire Magic     | |  0.5
Ice Magic      | |  0.5
Air Magic      | |  0.5
Earth Magic    | |  0.5
Poison Magic   | |  0.5
Invocations    | |  0.9
Evocations     | |  0.7

Action                   || total
-------------------------++-------
Melee: Whip              ||    29
       Unarmed           ||     9
       Bite              ||    13
       Punch             ||     3
       Short sword       ||    67
  Use: Scroll            ||     2
 Stab: Sleeping          ||     2
  Eat: Ration            ||     1
Armor: Robe              ||    26
Dodge: Dodged            ||   103

Table legend:
 A = Spawn XP
 B = Non-spawn XP
 C = Spawn XP percentage of total XP
 D = Spawn monster count
 E = Non-spawn monster count
 F = Spawn count percentage of total count
 G = Total turns spent on level
                    A         B        C        D         E        F      G
               +---------+---------+-------+---------+---------+-------+---------
         Total |       0 |      55 |   0.0 |       0 |      31 |   0.0 |  1402
               +---------+---------+-------+---------+---------+-------+---------
           D:1 |       0 |      45 |   0.0 |       0 |      29 |   0.0 |  1353
           D:2 |       0 |      10 |   0.0 |       0 |       2 |   0.0 |    49
               +---------+---------+-------+---------+---------+-------+---------
